 Dungeon Crawl Stone Soup version 0.20-a0-792-g09bcfd3 (webtiles) character file.

334 waitwhat the Poker (level 6, -2/48 HPs)
             Began as a Demonspawn Wanderer on Feb 28, 2017.
             Slain by Dingo's ghost (5 damage)
             ... on level 4 of the Dungeon.
             The game lasted 00:09:38 (3839 turns).

waitwhat the Poker (Demonspawn Wanderer)            Turns: 3839, Time: 00:09:39

Health: -2/48      AC:  7    Str: 12    XL:     6   Next: 27%
Magic:  19/19      EV: 12    Int: 19    God:
Gold:   207        SH:  0    Dex:  9    Spells: 11/11 levels left

rFire    . . .     SeeInvis .   a - +3 spear
rCold    . . .     Gourm    .   t - +0 leather armour
rNeg     . . .     Faith    .   (no shield)
rPois    .         Spirit   .   (helmet restricted)
rElec    .         Reflect  .   (no cloak)
rCorr    .         Harm     .   r - +1 pair of gloves
MR       .....                  (no boots)
Stlth    +.........             m - amulet of magic regeneration
Regen    0.2/turn               v - +2 ring of evasion
MPRegen  0.3/turn               i - ring of magical power

@: no status effects
A: horns 2, molten scales 1
a: no special abilities


You were on level 4 of the Dungeon.
You were hungry.

You visited 1 branch of the dungeon, and saw 4 of its levels.

You collected 207 gold pieces.

Inventory:

Hand Weapons
 a - a +3 spear (weapon)
 e - a +0 dagger
Armour
 d - a +0 robe
 r - a +1 pair of gloves (worn)
 t - a +0 leather armour (worn)
Jewellery
 i - a ring of magical power (left hand)
 m - an amulet of magic regeneration (around neck)
 n - a +5 ring of intelligence {unknown}
 v - a +2 ring of evasion (right hand)
Scrolls
 j - a scroll of fear
 k - 4 scrolls of identify
 o - 3 scrolls of teleportation
 w - a scroll of enchant weapon
Potions
 g - 2 potions of agility
 l - a potion of flight
 u - a potion of curing
Books
 b - Lunireoh's Catalogue of the Rocks

   Spells                             Type                      Level
   a - Sandblast                      Earth                        1
   b - Stone Arrow                    Conjuration/Earth            3
 c - Wonomuer's Catalogue of Hexes

   Spells                             Type                      Level
   a - Corona                         Hexes                        1
   b - Dazzling Spray                 Conjuration/Hexes            3
Comestibles
 f - 4 bread rations
 p - a meat ration
 q - 3 royal jellies


   Skills:
 - Level 4.0 Fighting
 + Level 4.7 Polearms
 - Level 1.0 Armour
 - Level 1.7 Stealth
 - Level 3.0 Spellcasting
   Level 1.7 Transmutations


You had 11 spell levels left.
You didn't know any spells.

Dungeon Overview and Level Annotations

Branches:
Dungeon (4/15)
 Temple: D:4-7

Altars:
Kikubaaqudgha
Makhleb

Annotations:
D:4 Dingo's ghost, novice HOFi


Innate Abilities, Weirdness & Mutations

You have a pair of horns on your head.
You are partially covered in molten scales. (AC +2)


Message History

Dingo's ghost is lightly damaged.
Dingo's ghost hits you but does no damage.
You hit Dingo's ghost.
Dingo's ghost is lightly damaged.
You hit Dingo's ghost but do no damage.
Dingo's ghost is lightly damaged.
Dingo's ghost hits you.
* * * LOW HITPOINT WARNING * * *
You hit Dingo's ghost. You headbutt Dingo's ghost.
Dingo's ghost is moderately damaged.
Dingo's ghost closely misses you.
You hit Dingo's ghost but do no damage.
You headbutt Dingo's ghost, but do no damage.
Dingo's ghost is moderately damaged.
Dingo's ghost hits you!
* * * LOW HITPOINT WARNING * * *
You hit Dingo's ghost. Your headbutt misses Dingo's ghost.
Dingo's ghost is moderately damaged.
Dingo's ghost hits you.
You die...

........##..#.###..# ##.# #.#..
...................# #.## #.###
.......<....#.##...#####..###.##.
...............#...........).....
...............#..####...........
.................### #.......###.
#..##...#..##.....<###...........
#..##...#..##.##.#...............
#..##...#.###.##@................
...........##.##W#.........#.....
............#.##.#.........#.###.
#..##..##...#.##.#.........#.###.
#..##.........##.#...............
#..##...#........#.........#.....
#..##............##.####.........
#..##...#........................
...##...#.....##.##.##.#..###....


You could see Dingo's ghost.

Vanquished Creatures
  The ghost of sankara the Skirmisher, a weakling BaFi (D:3)
  A hound (D:4)
  2 worker ants (D:4)
  An orc wizard (D:3)
  3 adders (D:3)
  9 oozes
  3 adder skeletons (D:3)
  A dart slug (D:2)
  3 leopard geckos
  3 orcs (D:3)
  15 bats
  11 giant cockroaches
  10 goblins
  9 hobgoblins
  3 jackals (D:1)
  A quokka (D:3)
  2 ball pythons
  A ball python skeleton (D:3)
  6 frilled lizards
  2 giant cockroach zombies (D:3)
  10 kobolds
  17 rats
114 creatures vanquished.

Vanquished Creatures (others)
  A human (D:4)
1 creature vanquished.

Grand Total: 115 creatures vanquished

Notes
Turn   | Place    | Note
-------+----------+-------------------------------------------
     0 | D:1      | waitwhat the Demonspawn Wanderer began the quest for the Orb.
     0 | D:1      | waitwhat set off with: a +2 spear, Lunireoh's Catalogue of the Rocks, Wonomuer's Catalogue of Hexes, a +0 robe, a +0 dagger, a bread ration
     0 | D:1      | Reached XP level 1. HP: 16/16 MP: 4/4
     0 | D:1      | Identified Lunireoh's Catalogue of the Rocks
     0 | D:1      | Identified Wonomuer's Catalogue of Hexes
     1 | D:1      | Found a runed door.
   285 | D:1      | Gained mutation: You have a pair of small horns on your head. [demonic ancestry]
   285 | D:1      | Reached XP level 2. HP: 23/23 MP: 6/6
  1047 | D:1      | Gained mutation: You have a pair of horns on your head. [demonic ancestry]
  1047 | D:1      | Reached XP level 3. HP: 29/29 MP: 7/7
  1079 | D:1      | Reached skill level 1 in Polearms
  1083 | D:1      | Reached XP level 4. HP: 29/37 MP: 8/8
  1900 | D:3      | Reached XP level 5. HP: 7/42 MP: 9/9
  2426 | D:3      | Found a burning altar of Makhleb.
  2427 | D:3      | Noticed an Executioner
  2502 | D:3      | Noticed sankara's ghost (weakling BaFi)
  3159 | D:3      | Killed sankara's ghost
  3352 | D:4      | Gained mutation: You are partially covered in molten scales. (AC +2) [demonic ancestry]
  3352 | D:4      | Reached XP level 6. HP: 47/48 MP: 10/10
  3455 | D:4      | Found an ancient bone altar of Kikubaaqudgha.
  3458 | D:4      | Noticed a human
  3459 | D:4      | Killed a human
  3827 | D:4      | Noticed Dingo's ghost (novice HOFi)
  3839 | D:4      | Slain by Dingo's ghost

Vault maps used:
D:1:      dpeg_arrival_caged_fury
D:3:      makhleb_altar_promises_db, serial_undead, serial_undead_b,
          serial_undead_e, serial_undead_a, serial_undead_d, first_bread
D:4:      tgw_kikubaaqudgha

Skill      XL: |  1  2  3  4  5 |
---------------+----------------+-----
Fighting       | 3 4 |  4.0
Polearms       | 1 2 4 |  4.7
Armour         | |  1.0
Stealth        | |  1.7
Spellcasting   | |  3.0
Transmutations | |  1.7

Action                   |  1- 3 |  4- 6 || total
-------------------------+-------+-------++-------
Melee: Spear             |   116 |   277 ||   393
       Headbutt          |     8 |    21 ||    29
  Use: Scroll            |     4 |     6 ||    10
       Potion            |     2 |     4 ||     6
 Stab: Sleeping          |     4 |     9 ||    13
       Distracted        |     1 |     1 ||     2
  Eat: Chunk             |       |     9 ||     9
Armor: Robe              |    21 |     8 ||    29
       Leather armour    |       |    46 ||    46
       Skin              |       |     8 ||     8
Dodge: Dodged            |    57 |    82 ||   139
